AoeStats
← HaoKeng

Arabia

507044032Analyzed
1v1 RM · 16d ago on Sep 16, 2026· 49m 30s· 2 players
Game mode
Random Map
Map size
Tiny (2 player)
Population
200
Speed
Normal
Resources
Standard
Victory
Conquest
Starting age
Dark Age
Ending age
Imperial Age
RankedLock teamsTeams togetherTeam positionsShared explorationLock speedFull tech treeHidden civsTurbo modeCheats
Victory
Defeat
🇭🇰 Huns · Hong Kong SAR China
1025
+14
🇮🇩 Vietnamese · Indonesia
989
-34
Oji San
10:01 Feudal Age
8:19 Loom
24:35 Castle Age
22:50 Fletching
23:08 Scale Mail Armor
23:59 Double-Bit Axe
24:08 Gold Mining
24:00 Horse Collar
24:58 Wheelbarrow
24:52 Elite Skirmisher
26:38 Bodkin Arrow
27:24 Elite Skirmisher
28:07 Padded Archer Armor
29:02 Bow Saw
30:45 Pikeman
33:47 Squires
34:02 Forging
43:53 Imperial Age
45:06 Murder Holes
45:38 Ballistics
46:20 Chemistry
45:24 Bracer
45:42 Chain Mail Armor
47:39 Crossbowman
HaoKeng
6:54 Loom
9:50 Feudal Age
10:43 Double-Bit Axe
12:09 Horse Collar
15:34 Scale Barding Armor
21:38 Castle Age
20:18 Fletching
20:20 Gold Mining
21:09 Padded Archer Armor
22:30 Bow Saw
22:26 Bodkin Arrow
23:08 Wheelbarrow
23:29 Leather Archer Armor
23:17 Husbandry
23:58 Leather Archer Armor
24:01 Heavy Plow
25:39 Thumb Ring
26:06 Town Watch
26:47 Chain Barding Armor
28:34 Gold Shaft Mining
30:12 Forging
31:08 Hand Cart
31:02 Stone Mining
31:42 Bloodlines
33:16 Town Patrol
34:37 Iron Casting
35:28 Light Cavalry
43:01 Imperial Age
41:53 Ballistics
43:26 Scale Mail Armor
44:09 Conscription
43:14 Cavalier
43:20 Heavy Cavalry Archer
45:02 Two-Man Saw
44:29 Parthian Tactics
45:08 Chemistry
44:30 Bracer
46:58 Plate Barding Armor
47:23 Blast Furnace
46:55 Hussar
Connection lost

Rejoining the realm…

Still unreachable

The connection could not be restored.

Session expired

The server has moved on; the page needs a fresh start.